 Dungeon Crawl Stone Soup version 0.30-a0-613-gdd512c7efb (webtiles) character file.

Game seed: 18024005270155782415

81 acebull12 the Caller (level 4, -1/24 HPs)
             Began as a Kobold Summoner on Jan 8, 2023.
             Was an Initiate of Ashenzari.
             Succumbed to an orc wizard's poison
             ... on level 3 of the Dungeon.
             The game lasted 00:08:49 (2384 turns).

acebull12 the Caller (Kobold Summoner)              Turns: 2384, Time: 00:08:50

Health: -1/24      AC:  3    Str:  5    XL:     4   Next: 67%
Magic:  8/8        EV: 13    Int: 18    God:    Ashenzari [......]
Gold:   153        SH:  5    Dex: 15    Spells: 7/8 levels left

rFire   . . .      SeeInvis .    h - +0 dagger
rCold   . . .      Faith    .    g - +0 buckler
rNeg    . . .      Spirit   .    f - +0 leather armour
rPois   .          Reflect  .    (no helmet)
rElec   .          Harm     .    (no cloak)
rCorr   .          Rampage  .    (no gloves)
Will    .....                    (no boots)
Stlth   +++                      (no amulet)
HPRegen 0.24/turn                (no ring)
MPRegen 0.11/turn                (no ring)

@: lethally poisoned (-1 -> -15)
A: small, no large weapons, nightstalker 3
a: Renounce Religion, Curse Item


You were on level 3 of the Dungeon.
You worshipped Ashenzari.
Ashenzari was noncommittal.
You visited 1 branch of the dungeon, and saw 3 of its levels.

You collected 153 gold pieces.

Inventory:

Hand Weapons
 h - a +0 dagger (weapon)
Armour
 a - a +0 robe
 f - a +0 leather armour (worn)
 g - a +0 buckler (worn)
Jewellery
 c - a ring of ice
 r - a ring of wizardry
Scrolls
 e - 2 scrolls of identify {unknown}
 i - a scroll of immolation {unknown}
 k - a scroll of enchant weapon {unknown}
 l - 3 scrolls of vulnerability {unknown}
 m - a scroll of blinking {unknown}
 o - a scroll of noise {unknown}
 p - a scroll of enchant armour {unknown}
 q - a scroll of amnesia {unknown}
Potions
 b - a potion of magic
 d - a potion of haste {unknown}
 j - a potion of mutation {unknown}
 n - a potion of might {unknown}


   Skills:
 + Level 0.7 Short Blades
 + Level 0.2 Armour
 + Level 2.5 Dodging
 * Level 3.2 Stealth
 * Level 1.0 Shields
 + Level 0.1 Unarmed Combat
 * Level 2.7 Spellcasting
 * Level 4.9 Summonings


You had 7 spell levels left.
You knew the following spells:

 Your Spells              Type           Power      Damage    Failure   Level
a - Summon Small Mammal   Summ           80%        N/A       5%          1

Your spell library contained the following spells:

 Spells                   Type           Power      Damage    Failure   Level
 Call Imp                 Summ           20%        N/A       9%          2
 Call Canine Familiar     Summ           20%        N/A       17%         3
 Sandblast                Erth           4%         2d4       38%         1
 Summon Guardian Golem    Hex/Summ       11%        N/A       43%         3
 Ensorcelled Hibernation  Hex/Ice        4%         N/A       54%         2
 Passwall                 Tmut/Erth      1%         N/A       54%         2
 Spider Form              Tmut/Pois      2%         N/A       77%         3
 Stone Arrow              Conj/Erth      4%         3d7       77%         3
 Summon Lightning Spire   Summ/Air       11%        N/A       83%         4
 Anguish                  Hex/Necr       1%         N/A       99%         4
 Leda's Liquefaction      Hex/Erth       1%         N/A       99%         4
 Statue Form              Tmut/Erth      1%         N/A       100%        6


Dungeon Overview and Level Annotations

Branches:
Dungeon (3/15)

Altars:
Ashenzari

Annotations:
D:3 Ijyb


Innate Abilities, Weirdness & Mutations

You are small and have problems with some larger weapons.
You are completely attuned to the shadows.


Message History

Found 6 boomerangs.
A bat comes into view.
The helpless bat fails to defend itself.
You puncture the bat!
You kill the bat!
An orc comes into view. It is wielding a +0 club.
You see here a bat corpse.
The orc shouts!
You hear a shout! x3
Found an emerald potion.
The orc barely misses you.
You hit the orc but do no damage. The orc hits you but does no damage.
An orc wizard comes into view. It is wielding a +2 dagger of venom.
The orc attacks as you move away! The orc completely misses you.
The orc attacks as you move away! The orc misses you.
An orc wizard comes into view. It is wielding a +4 dagger.
You see here a bat corpse.
You hit the orc but do no damage. The orc hits you with a +0 club.
You hit the orc.
The orc is heavily wounded.
The orc hits you with a +0 club.
You hit the orc wizard but do no damage.
An orc comes into view. It is wielding a +0 dagger.
The orc wizard closely misses you.
You completely miss the orc wizard.
The orc wizard hits you with a +2 dagger of venom.
You are poisoned.
You closely miss the orc wizard.
You feel sick.
The orc wizard hits you with a +2 dagger of venom.
You are more poisoned.
You hit the orc wizard but do no damage.
You feel very sick.
The orc wizard gestures at you while chanting.
You resist with some effort.
The orc wizard attacks as you move away!
The orc wizard hits you with a +2 dagger of venom.
You are more poisoned.
* * * LOW HITPOINT WARNING * * *
You feel very sick.
* * * LOW HITPOINT WARNING * * *
You feel very sick.
You die...

.. ###.## ....#
#..# ####### #
#.o########
#.....# #
#.oo†o.@..#
#.###.#####
#.######.##
#.#........ #.
#.# #.#.......#
o.
#.#####.#.#..##.#
#.....#.#.....#.#
#####.#.##.#..#.#
###.#.......#.#
.........(......
####.....#####.#


You could see an orc wizard and an orc.

Vanquished Creatures
  Jessica (D:2)
  A gnoll (D:1)
  2 adders
  4 endoplasms
  2 giant cockroaches (D:1)
  3 kobolds (D:2)
  2 quokkas
  3 ball pythons
  4 bats
  2 frilled lizards
  A rat (D:1)
25 creatures vanquished.

Vanquished Creatures (collateral kills)
  A bat (D:1)
  2 hobgoblins (D:1)
  A frilled lizard (D:1)
4 creatures vanquished.

Vanquished Creatures (others)
  3 plants (D:2)
3 creatures vanquished.

Grand Total: 32 creatures vanquished

Notes
Turn   | Place    | Note
-------+----------+-------------------------------------------
     0 | D:1      | acebull12 the Kobold Summoner began the quest for the Orb.
     0 | D:1      | Reached XP level 1. HP: 10/10 MP: 3/3
   277 | D:1      | Found a faded altar of an unknown god.
   283 | D:1      | Prayed at the altar of an unknown god.
   283 | D:1      | Became a worshipper of Ashenzari the Shackled
   394 | D:1      | Reached XP level 2. HP: 15/15 MP: 1/5
   500 | D:1      | Got Cokorug's Atlas of the Volcano
   528 | D:1      | Reached XP level 3. HP: 15/19 MP: 6/6
   784 | D:2      | Noticed Jessica
   786 | D:2      | Killed Jessica
   787 | D:2      | Reached XP level 4. HP: 24/24 MP: 7/7
  2131 | D:3      | Reached skill level 1 in Shields
  2230 | D:3      | Noticed Ijyb
  2384 | D:3      | Succumbed to an orc wizard's poison

Illustrated notes

Levels and vault maps discovered:
D:1:      dpeg_arrival_renting, layout_rooms, ebering_ecumenical_altar_mist,
          nicolae_titane
D:2:      layout_basic, serial_forest, infiniplex_forest_clump_double,
          infiniplex_forest_lined_room_3, infiniplex_forest_end_2,
          infiniplex_forest_end_3, infiniplex_forest_straight_2,
          infiniplex_forest_straight_3, infiniplex_forest_lined_room_2,
          uniq_jessica
D:3:      layout_basic, uniq_ijyb

Skill      XL: |  1  2  3  4 |
---------------+-------------+-----
Stealth        | 3 |  3.2
Shields        | 1 |  1.0
Short Blades   | |  0.7
Armour         | |  0.2
Dodging        | |  2.5
Unarmed Combat | |  0.1
Spellcasting   | |  2.7
Summonings     | |  4.9

Action                   |  1- 3 |  4- 6 || total
-------------------------+-------+-------++-------
Melee: Unarmed           |    13 |       ||    13
       Dagger            |    10 |    60 ||    70
 Cast: Summon Small Mamm |    11 |       ||    11
 Stab: Sleeping          |     6 |     7 ||    13
Armor: Robe              |     6 |       ||     6
       Leather armour    |       |     3 ||     3
Dodge: Dodged            |    20 |    28 ||    48
Block: Buckler           |     1 |     6 ||     7

Table legend: (Time is in decaauts)
 A = Elapsed time spent in this place.
 B = Non-inter-level travel time spent in this place.
 C = Inter-level travel time spent in this place.
 D = Time resting spent in this place.
 E = Time spent auto-exploring this place.
 F = Levels seen in this place.
 G = Mean time per level.
                   A        B        C        D        E       F      G
               +--------+--------+--------+--------+--------+-----+--------+
         Total |   2388 |   2262 |    126 |    206 |   1599 |   3 |  796.0 |
       Dungeon |   2388 |   2262 |    126 |    206 |   1599 |   3 |  796.0 |
               +--------+--------+--------+--------+--------+-----+--------+

Top non-repeatable levels by time:
     D:2: 1239 daAuts
     D:1: 770 daAuts
     D:3: 377 daAuts
